 Dungeon Crawl Stone Soup version 0.23-a0-32-g1388f29 (webtiles) character file.

16255 Amnesiac the Frost Mage (level 12, -7/74 HPs)
             Began as a Mummy Ice Elementalist on Aug 4, 2018.
             Was an Elder of Vehumet.
             Killed by divine providence
             ... invoked by a meliai
              (13 damage)
             ... on level 13 of the Dungeon.
             The game lasted 00:28:43 (12621 turns).

Amnesiac the Frost Mage (Mummy Ice Elementalist)   Turns: 12621, Time: 00:28:44

Health: -7/74      AC: 10    Str: 12    XL:     12   Next: 8%
Magic:  42/52      EV: 13    Int: 19    God:    Vehumet [****..]
Gold:   869        SH:  6    Dex: 12    Spells: 16/36 levels left

rFire    x . .     SeeInvis .   a - staff of power
rCold    + . .     Gourm    .   q - +1 buckler
rNeg     + + +     Faith    .   i - +0 troll leather armour
rPois    ∞         Spirit   .   d - +0 helmet
rElec    .         Reflect  .   E - +1 cloak
rCorr    .         Harm     .   C - +2 pair of gloves
MR       +....                  (no boots)
Stlth    +.........             x - amulet of magic regeneration
HPRegen  0.62/turn              z - ring of magical power
MPRegen  0.58/turn              j - ring of wizardry

@: no status effects
A: no food or potions, fire vulnerability, cold resistance 1, negative energy
resistance 3, torment resistance, unbreathing
a: Renounce Religion


You were on level 13 of the Dungeon.
You worshipped Vehumet.
Vehumet was greatly pleased with you.
You were not hungry.

You visited 2 branches of the dungeon, and saw 14 of its levels.

You collected 869 gold pieces.

Inventory:

Hand Weapons
 b - a +0 trident of venom
 w - a +2 hunting sling of flaming
Missiles
 t - 370 stones (quivered)
 u - 70 sling bullets
Armour
 d - a +0 helmet (worn)
 i - a +0 troll leather armour (worn)
 q - a +1 buckler (worn)
 r - a +2 shield
 C - a +2 pair of gloves (worn)
 E - a +1 cloak (worn)
Magical Staves
 a - an uncursed staff of power (weapon)
Jewellery
 c - an uncursed ring of protection from fire
 j - a ring of wizardry (right hand)
 x - an amulet of magic regeneration (around neck)
 z - a ring of magical power (left hand)
 F - a +6 ring of dexterity
Wands
 g - a wand of acid (6)
 k - a wand of digging (38)
 l - a wand of enslavement (7)
 v - a wand of paralysis (23)
 A - a wand of clouds (6)
 D - a wand of scattershot (5)
Scrolls
 e - 2 scrolls of enchant armour {!r}
 f - 2 scrolls of remove curse {!r}
 h - 2 scrolls of amnesia {!r}
 m - 2 scrolls of fog {!r}
 n - a scroll of fear {!r}
 o - 8 scrolls of identify {!r}
 p - 4 scrolls of magic mapping {!r}
 s - a scroll of blinking {!r}
 y - 2 scrolls of teleportation {!r}
 B - a scroll of enchant weapon {!r}


   Skills:
 + Level 3.9 Dodging
 - Level 1.5 Stealth
 - Level 4.1 Shields
 + Level 12.7 Spellcasting
 - Level 0.7 Conjurations
 - Level 1.0 Fire Magic
 * Level 12.7 Ice Magic


You had 16 spell levels left.
You knew the following spells:

 Your Spells              Type           Power        Failure   Level  Hunger
a - Throw Icicle          Conj/Ice       #####...     1%          4    N/A
b - Summon Ice Beast      Ice/Summ       #####...     1%          4    N/A
d - Freeze                Ice            ####         1%          1    N/A
e - Mephitic Cloud        Conj/Pois/Air  ##......     2%          3    N/A
s - Conjure Flame         Conj/Fire      ###.....     1%          3    N/A
v - Blink                 Tloc           N/A          4%          2    N/A
z - Ozocubu's Armour      Chrm/Ice       #####...     1%          3    N/A

Your spell library contained the following spells:

 Spells                   Type           Power        Failure   Level  Hunger
 Magic Dart               Conj           ##..         1%          1    N/A
 Bolt of Magma            Conj/Fire/Erth ##........   16%         5    N/A
 Slow                     Hex            ##......     4%          2    N/A
 Throw Frost              Conj/Ice       #####.       1%          2    N/A
 Freezing Cloud           Conj/Ice/Air   ####......   17%         6    N/A
 Ring of Flames           Chrm/Fire      ##........   100%        7    N/A
 Venom Bolt               Conj/Pois      ##........   17%         5    N/A
 Call Imp                 Summ           ##......     4%          2    N/A
 Iron Shot                Conj/Erth      ##........   61%         6    N/A
 Orb of Destruction       Conj           ##........   96%         7    N/A
 Iskenderun's Battlesphe  Conj/Chrm      ##......     17%         5    N/A
 Spellforged Servitor     Conj/Summ      ##........   98%         7    N/A
 Poisonous Vapours        Pois/Air       ##....       4%          2    N/A

Dungeon Overview and Level Annotations

Branches:
Dungeon (13/15)            Temple (1/1) D:6            Lair (0/6) D:8
    Orc (0/2) D:10
 Vaults: D:13-14

Altars:
Ashenzari
Cheibriados
Dithmenos
Elyvilon
Fedhas
Gozag
Hepliaklqana
Kikubaaqudgha
Makhleb
Nemelex Xobeh
Okawaru
Qazlal
Ru
Sif Muna
Trog
Uskayaw
Vehumet
Wu Jian
Xom
Yredelemnul
Zin
The Shining One
Lugonu

Shops:
D:4 }

Annotations:
D:11 Snorg
D:12 Rupert


Innate Abilities, Weirdness & Mutations

You do not eat or drink.
Your flesh is vulnerable to fire.
You are immune to poison.
Your flesh is cold resistant. (rC+)
You are immune to negative energy. (rN+++)
You are immune to unholy pain and torment.
You can survive without breathing.


Message History

You can't see any susceptible monsters within range! (Use Z to cast anyway.)
Casting: Throw Icicle (safe; 1% risk of failure)
Confirm with . or Enter, or press ? or * to list all spells.
You can't see any susceptible monsters within range! (Use Z to cast anyway.) As you open the door, it creaks loudly!
There is an open door here.
You open the door.
There is an open door here.
You open the door.
There is an open door here.
As you open the door, it creaks loudly!
Found a stone staircase leading down.
There is an open door here.
There is a stone staircase leading down here.
You open the door.
There is an open door here.
You open the door.
A meliai comes into view. It is wielding a hand axe.
The meliai buzzes angrily.
You hear an angry buzzing noise.
A meliai comes into view. It is wielding a war axe. x2
Found 18 gold pieces.
There is an open door here.
There are monsters nearby!
There is an open door here.
Casting: Throw Icicle (safe; 1% risk of failure)
Confirm with . or Enter, or press ? or * to list all spells.
Aiming: Throw Icicle (safe; 1% risk of failure)
Press: ? - help, Shift-Dir - straight line, f - meliai
Aim: a meliai, wielding a hand axe and wearing a robe The shard of ice misses the meliai.
The meliai barely misses you. The meliai stings you!
Casting: Throw Icicle (safe; 1% risk of failure)
Confirm with . or Enter, or press ? or * to list all spells.
Aiming: Throw Icicle (safe; 1% risk of failure)
Press: ? - help, Shift-Dir - straight line, f/p - meliai
Aim: a meliai, wielding a hand axe and wearing a robe The shard of ice hits the meliai.
The meliai is heavily wounded.
The meliai hits you but does no damage. The meliai stings you!
You block the meliai's attack. The meliai stings you!
The meliai mumbles some strange prayers to its god against you.
Something smites you! The meliai hits you with a war axe!
* * * LOW HITPOINT WARNING * * *
The meliai stings you!
* * * LOW HITPOINT WARNING * * *
Casting: Throw Icicle (safe; 1% risk of failure)
Confirm with . or Enter, or press ? or * to list all spells.
Aiming: Throw Icicle (safe; 1% risk of failure)
Press: ? - help, Shift-Dir - straight line, f/p - meliai
Aim: a meliai, wielding a hand axe and wearing a robe (heavily wounded)
The shard of ice hits the meliai.
The meliai is almost dead.
The meliai hits you but does no damage.
The meliai stings you but does no damage.
The meliai hits you but does no damage. The meliai barely misses you.
The meliai calls down the wrath of its god upon you.
Something smites you!
* * * LOW HITPOINT WARNING * * *
Really read
n - 2 scrolls of fear {!r}?
As you read the scroll of fear {!r}, it crumbles to dust.
You assume a fearsome visage.
The meliai looks frightened! x3
The meliai invokes the aid of its god against you.
Something smites you!
You die...

+......... #.
#.....y... #.
#.......y. #.
#......... #.
#......... #. #'##
#. #.y# ##
##'###### ##.
#@yy#...### #..
#.#.###>'.# ###'#
#.#...#.#.# #....
#.###.#.#.# #....
+.#...#.#.# #....
#.#.###.#.####....
#.#.....#...##.%..
#.#########..'....
#.. ####....


You could see 3 meliai.

Vanquished Creatures
  Gastronok (D:9)
  Erolcha (D:9)
  A centaur warrior (D:13)
  A two-headed ogre (D:11)
  An ugly thing (D:13)
  A deep elf mage (D:12)
  2 manticores (D:12)
  2 centaur zombies
  A gargoyle (D:13)
  Psyche (D:7)
  A troll (D:10)
  Prince Ribbit (D:8)
  3 hippogriffs
  A spriggan (D:7)
  11 yaks
  2 wyverns
  A hungry ghost (D:4)
  2 hell hounds (D:7)
  A hornet zombie (D:11)
  An eye of draining (D:11)
  7 orc warriors
  2 ice beasts
  3 sky beasts
  A black bear (D:10)
  6 ogres
  8 centaurs
  A crocodile (D:11)
  3 big kobolds
  4 bullfrogs
  5 scorpions
  2 wyvern skeletons
  6 killer bees (D:12)
  An electric eel (D:8)
  2 wights (D:6)
  3 howler monkeys
  2 jellies
  3 lava snakes (D:11)
  4 crimson imps
  A quasit (D:7)
  4 hounds
  A centaur skeleton (D:8)
  5 orc priests
  10 orc wizards
  4 human zombies (D:8)
  A bullfrog skeleton (D:10)
  2 human skeletons (D:8)
  2 iguanas
  13 worker ants
  A hound skeleton (D:8)
  A worker ant zombie (D:8)
  A howler monkey zombie (D:11)
  10 adders
  4 gnolls (D:8)
  2 shadow imps
  2 oozes
  An adder zombie (D:7)
  A worm (D:2)
  A dart slug (D:1)
  3 leopard geckos
  50 orcs
  6 bats
  6 giant cockroaches
  7 goblins
  2 hobgoblins (D:1)
  3 jackals
  18 kobolds
  4 quokkas
  A ball python skeleton (D:4)
  4 frilled lizards
  A quokka skeleton (D:4)
  7 rats
278 creatures vanquished.

Vanquished Creatures (collateral kills)
  A two-headed ogre (D:8)
  Joseph (D:7)
  2 hippogriffs (D:7)
  Eustachio (D:5)
  An orc warrior (D:7)
  A black bear (D:7)
  3 wights (D:6)
  A troll skeleton (D:8)
  A bullfrog zombie (D:6)
  4 human zombies (D:8)
  An orc priest (D:7)
  A bullfrog skeleton (D:4)
  A mummy (D:8)
  A worker ant zombie (D:6)
  An adder (D:6)
  A leopard gecko (D:7)
  An orc (D:7)
  A giant cockroach (D:8)
24 creatures vanquished.

Vanquished Creatures (others)
  An orc (D:7)
1 creature vanquished.

Grand Total: 303 creatures vanquished

Notes
Turn   | Place    | Note
-------+----------+-------------------------------------------
     0 | D:1      | Amnesiac the Mummy Ice Elementalist began the quest for the Orb.
     0 | D:1      | Reached XP level 1. HP: 13/13 MP: 4/4
   207 | D:3      | Found a shadowy altar of Dithmenos.
   220 | D:3      | Found a sacrificial altar of Ru.
   335 | D:4      | Noticed an orc wizard
   513 | D:4      | Noticed a worker ant
   676 | D:4      | Found a deep blue altar of Sif Muna.
   696 | D:4      | Killed a worker ant
   696 | D:4      | Reached XP level 2. HP: 16/19 MP: 6/6
   696 | D:4      | Reached XP level 3. HP: 21/24 MP: 7/7
   767 | D:4      | Learned a level 3 spell: Ozocubu's Armour
   776 | D:4      | Noticed a sky beast
   857 | D:4      | Killed a sky beast
   857 | D:4      | Reached XP level 4. HP: 30/30 MP: 10/10
   857 | D:4      | Reached XP level 5. HP: 35/35 MP: 11/11
   863 | D:4      | Learned a level 4 spell: Throw Icicle
   868 | D:4      | Learned a level 4 spell: Summon Ice Beast
   893 | D:4      | Found an ancient bone altar of Kikubaaqudgha.
  1059 | D:4      | Reached XP level 6. HP: 41/41 MP: 13/13
  1097 | D:4      | Reached skill level 5 in Spellcasting
  1097 | D:4      | Reached skill level 5 in Ice Magic
  1334 | D:4      | Noticed a spatial vortex
  1334 | D:4      | Noticed a spatial vortex
  1334 | D:4      | Noticed a spatial vortex
  1515 | D:4      | Noticed a hungry ghost
  1534 | D:4      | Killed a hungry ghost
  1555 | D:4      | Found Giefaz's Gadget Emporium.
  1705 | D:5      | Entered Level 5 of the Dungeon
  1875 | D:5      | Noticed Eustachio
  1903 | D:5      | Killed Eustachio
  1903 | D:5      | Reached XP level 7. HP: 37/46 MP: 2/15
  2071 | D:5      | Found a shattered altar of Ashenzari.
  2447 | D:6      | Noticed a small abomination
  2595 | D:6      | Found a staircase to the Ecumenical Temple.
  2631 | Temple   | Entered the Ecumenical Temple
  2939 | D:3      | Found an iron altar of Okawaru.
  3039 | D:2      | Reached skill level 1 in Shields
  4075 | D:6      | Reached XP level 8. HP: 49/52 MP: 17/17
  5333 | D:7      | Found a stormy altar of Qazlal.
  5431 | D:7      | Found a white marble altar of Elyvilon.
  5785 | D:7      | Reached XP level 9. HP: 53/57 MP: 20/20
  5895 | D:8      | Found a snail-covered altar of Cheibriados.
  5913 | D:8      | Noticed Joseph
  5950 | D:8      | Found a radiant altar of Vehumet.
  5958 | D:8      | Became a worshipper of Vehumet
  6163 | D:1      | You fall through a shaft!
  7235 | D:8      | Noticed Psyche
  7242 | D:7      | Killed Psyche
  7350 | D:7      | Killed Joseph
  8158 | D:8      | Reached * piety under Vehumet
  8158 | D:8      | Offered knowledge of Flame Tongue by Vehumet.
  8216 | D:8      | Learned a level 3 spell: Conjure Flame
  8219 | D:8      | Learned a level 2 spell: Blink
  8223 | D:8      | Learned a level 3 spell: Mephitic Cloud
  8282 | D:8      | Noticed Prince Ribbit
  8297 | D:8      | Killed Prince Ribbit
  8403 | D:8      | Found an ancient bone altar of Kikubaaqudgha.
  8434 | D:8      | Reached XP level 10. HP: 50/63 MP: 23/23
  8534 | D:8      | Reached skill level 1 in Fire Magic
  8788 | D:8      | Noticed a two-headed ogre
  8797 | D:8      | Killed a two-headed ogre
  8837 | D:8      | Found a staircase to the Lair.
  9046 | D:9      | Offered knowledge of Sting by Vehumet.
  9051 | D:9      | Reached ** piety under Vehumet
  9057 | D:9      | Reached skill level 10 in Ice Magic
  9061 | D:9      | Reached skill level 10 in Spellcasting
  9067 | D:9      | Found a sparkling altar of Nemelex Xobeh.
  9135 | D:9      | Noticed Gastronok
  9410 | D:9      | Found a shimmering altar of Xom.
  9414 | D:9      | Found a shimmering altar of Xom.
  9415 | D:9      | Found a shimmering altar of Xom.
  9415 | D:9      | Found a shimmering altar of Xom.
  9416 | D:9      | Found a shimmering altar of Xom.
  9416 | D:9      | Noticed Erolcha
  9424 | D:9      | Killed Erolcha
  9496 | D:9      | Found an opulent altar of Gozag.
  9593 | D:9      | Found an ornate altar of the Wu Jian Council.
  9623 | D:9      | Killed Gastronok
  9736 | D:10     | Entered Level 10 of the Dungeon
  9759 | D:10     | Reached XP level 11. HP: 47/68 MP: 23/26
  9853 | D:10     | Found a staircase to the Orcish Mines.
  9937 | D:10     | Offered knowledge of Dazzling Spray by Vehumet.
 10022 | D:10     | Found a blossoming altar of Fedhas.
 10728 | D:11     | Reached *** piety under Vehumet
 11043 | D:11     | Offered knowledge of Stone Arrow by Vehumet.
 11211 | D:11     | Noticed a two-headed ogre
 11216 | D:11     | Killed a two-headed ogre
 11278 | D:12     | Noticed Snorg
 11441 | D:12     | Noticed a deep elf mage
 11451 | D:12     | Killed a deep elf mage
 11820 | D:12     | Noticed Rupert
 11884 | D:12     | Reached **** piety under Vehumet
 11919 | D:12     | Offered knowledge of Iskenderun's Mystic Blast by Vehumet.
 12362 | D:13     | Noticed a centaur warrior
 12373 | D:13     | Killed a centaur warrior
 12376 | D:13     | Reached XP level 12. HP: 39/74 MP: 2/28
 12621 | D:13     | Killed from afar by a meliai

Vault maps used:
D:1:      grunt_arrival_crossed_arrows, serial_bayou, serial_bayou_lagoon_a,
          serial_bayou_shore_b, serial_bayou_lake_a, serial_bayou_pond_c,
          serial_bayou_crossing, serial_bayou_lagoon_b
D:3:      old_standard_altar, nicolae_ru_sacrificial_ziggurat,
          nicolae_dithmenos_shadow_blocks, first_ration
D:4:      kiku_gazebo_pond_becter, lemuel_round_altar, serial_shops,
          nicolae_shop_crystal
D:5:      nicolae_ashenzari_panopticon, uniq_eustachio
D:6:      temple_hall_moat
D:7:      hangedman_cross_stitches, elyvilon_altar_4, grunt_qazlal_clouds,
          the_bakery, minmay_strange_pillars
D:8:      vehumet_crystals, kennysheep_mini, minmay_lair_entry_lava,
          lemuel_mausoleum_altar_kikubaaqudgha, uniq_joseph, uniq_psyche,
          uniq_prince_ribbit1
D:9:      grunt_gozag_breadcrumbs, nemelex_xobeh_ov_fountains_minmay,
          kennysheep_mini_moat, xom_shifter_show, uniq_gastronok, uniq_erolcha
D:10:     orc_0_dummy, fedhas_altar_2
D:11:     disabler_island
D:12:     uniq_rupert, uniq_snorg
D:13:     grunt_vaults_entry_tiered, ebering_ghost_disaster_area,
          hangedman_decor_peaks_small
Temple:   kb_corrupted_temple

Skill      XL: |  1  2  3  4  5  6  7  8  9 10 11 |
---------------+----------------------------------+-----
Spellcasting   | 3 4 5 6 7 9 11 12 | 12.7
Ice Magic      | 3 4 5 6 8 9 11 12 | 12.7
Shields        | 1 3 4 |  4.1
Fire Magic     | 1 |  1.0
Dodging        | 3 |  3.9
Stealth        | |  1.5
Conjurations   | |  0.7

Action                   |  1- 3 |  4- 6 |  7- 9 | 10-12 || total
-------------------------+-------+-------+-------+-------++-------
Melee: Unarmed           |     7 |       |       |       ||     7
       Spear             |       |    28 |    83 |       ||   111
       Hand axe          |       |     3 |       |       ||     3
       Staff             |       |       |       |    16 ||    16
 Fire: Hunting sling     |       |       |    95 |    65 ||   160
 Cast: Freeze            |    27 |    44 |   221 |   110 ||   402
       Summon Ice Beast  |       |     6 |    32 |     8 ||    46
       Throw Icicle      |       |       |       |   312 ||   312
       Conjure Flame     |       |       |       |     1 ||     1
Evoke: Wand              |       |       |       |     3 ||     3
  Use: Scroll            |     3 |     3 |    12 |     2 ||    20
 Stab: Sleeping          |       |       |     1 |       ||     1
Armor: Troll leather arm |    12 |    28 |    97 |    73 ||   210
Dodge: Dodged            |    13 |    35 |   188 |   133 ||   369
Block: Buckler           |       |       |    76 |    78 ||   154

Table legend:
 A = Spawn XP
 B = Non-spawn XP
 C = Spawn XP percentage of total XP
 D = Spawn monster count
 E = Non-spawn monster count
 F = Spawn count percentage of total count
 G = Total turns spent on level
                    A         B        C        D         E        F      G
               +---------+---------+-------+---------+---------+-------+---------
         Total |       0 |   23222 |   0.0 |       0 |     302 |   0.0 | 12621
               +---------+---------+-------+---------+---------+-------+---------
           D:1 |       0 |      30 |   0.0 |       0 |      16 |   0.0 |   933
           D:2 |       0 |      59 |   0.0 |       0 |      18 |   0.0 |   401
           D:3 |       0 |       8 |   0.0 |       0 |       5 |   0.0 |   969
           D:4 |       0 |     664 |   0.0 |       0 |      19 |   0.0 |  1592
           D:5 |       0 |     487 |   0.0 |       0 |       9 |   0.0 |   875
           D:6 |       0 |     777 |   0.0 |       0 |      33 |   0.0 |  1438
           D:7 |       0 |    2215 |   0.0 |       0 |      25 |   0.0 |  1602
           D:8 |       0 |    2249 |   0.0 |       0 |      43 |   0.0 |  1243
           D:9 |       0 |    4528 |   0.0 |       0 |      20 |   0.0 |   601
          D:10 |       0 |    2874 |   0.0 |       0 |      29 |   0.0 |   707
          D:11 |       0 |    2481 |   0.0 |       0 |      33 |   0.0 |   849
          D:12 |       0 |    3749 |   0.0 |       0 |      32 |   0.0 |   955
          D:13 |       0 |    3101 |   0.0 |       0 |      20 |   0.0 |   336
               +---------+---------+-------+---------+---------+-------+---------
